 Dungeon Crawl Stone Soup version 0.30.1-4-g462c640d31 (webtiles) character file.

Game seed: 8359618263069631352

44 buriedalive the Chiller (level 3, -2/19 HPs)
             Began as a Deep Elf Ice Elementalist on Sept 16, 2023.
             Slain by Robin
             ... wielding a +0 trident of distortion
              (4 damage)
             ... on level 2 of the Dungeon.
             The game lasted 00:05:46 (1961 turns).

buriedalive the Chiller (Deep Elf Ice Elementalist) Turns: 1961, Time: 00:05:46

Health: -2/19      AC:  3    Str:  5    XL:     3   Next: 41%
Magic:  10/10      EV: 13    Int: 21    God:
Gold:   55         SH:  0    Dex: 15    Spells: 2/9 levels left

rFire   x . .        k - +0 dagger (elec)
rCold   + . .        (no shield)
rNeg    . . .        a - +0 robe
rPois   .            (no helmet)
rElec   .            (no cloak)
rCorr   .            (no gloves)
SInv    .            n - +0 pair of boots
Will    .....        (no amulet)
Stlth   ++           l - ring of ice
HPRegen 0.23/turn    (no ring)
MPRegen 0.12/turn

%: no passive effects
@: no status effects
A: no striking features
a: no special abilities


You were on level 2 of the Dungeon.
You visited 1 branch of the dungeon, and saw 2 of its levels.

You collected 55 gold pieces.

Inventory:

Hand Weapons
 c - a +0 whip
 k - a +0 dagger of electrocution (weapon)
Missiles
 d - 2 poisoned darts
 f - 10 stones
Armour
 a - a +0 robe (worn)
 n - a +0 pair of boots (worn)
Jewellery
 l - a ring of ice (left hand)
Scrolls
 i - a scroll of enchant weapon {unknown}
 o - a scroll of enchant armour {unknown}
Potions
 g - a potion of invisibility {unknown}
 h - a potion of curing {unknown}
 j - a potion of lignification {unknown}
 m - a potion of ambrosia {unknown}


   Skills:
 + Level 3.3 Dodging
 - Level 2.4 Stealth
 + Level 3.9 Spellcasting
 + Level 4.9 Ice Magic


You had 2 spell levels left.
You knew the following spells:

 Your Spells              Type           Power      Damage    Failure   Level
a - Freeze                Ice            100%       1d10      1%          1
b - Ozocubu's Armour      Ice            37%        N/A       4%          3
c - Frozen Ramparts       Ice            74%        1d12      4%          3

Your spell library contained the following spells:

 Spells                   Type           Power      Damage    Failure   Level
 Ensorcelled Hibernation  Hex/Ice        42%        N/A       7%          2
 Summon Small Mammal      Summ           16%        N/A       12%         1
 Call Canine Familiar     Summ           4%         N/A       36%         3
 Spider Form              Tmut/Pois      4%         N/A       36%         3
 Summon Guardian Golem    Hex/Summ       4%         N/A       36%         3
 Summon Ice Beast         Ice/Summ       21%        N/A       41%         4
 Anguish                  Hex/Necr       2%         N/A       77%         4


Dungeon Overview and Level Annotations

Branches:
Dungeon (2/15)

Altars:

Annotations:
D:2 Robin


Message History

Robin throws the goblin at you!
Casting: Freeze (safe; 1% risk of failure)
Confirm with . or Enter, or press ? or * to list all spells.
The spell is quite dangerous to miscast (4% risk of failure)!
Continue anyway?
Okay, then.
Casting: Frozen Ramparts (quite dangerous; 4% risk of failure)
Confirm with . or Enter, or press ? or * to list all spells.
The spell is quite dangerous to miscast (4% risk of failure)!
Continue anyway?
Casting: Frozen Ramparts (quite dangerous; 4% risk of failure)
Press: ? - help, Dir - look around, f - activate You feel a surge of power!
The walls around you are covered in ice.
The wall freezes the dart slug!
You kill the dart slug!
You start resting.
A goblin is nearby!
A goblin is nearby!
Robin zaps a wand.
The bolt of light hits you!
Ouch! That really hurt!
You hear a shout!
Casting: Frozen Ramparts (quite dangerous; 4% risk of failure)
Confirm with . or Enter, or press ? or * to list all spells.
The spell is quite dangerous to miscast (4% risk of failure)!
Continue anyway?
You feel a surge of power! A film of ice covers your body!
The wall freezes Robin.
Robin roars a battlecry!
You hear a shout!
Unknown command.
Unknown command.
It was a potion of cancellation.
Your magical effects are unravelling.
You feel magically purged.
Your icy armour evaporates.
The frozen ramparts melt away.
Robin hits you from afar with a +0 trident of distortion.
Space warps around you.
* * * LOW HITPOINT WARNING * * *
Magic courses through your body. Robin hits you but does no damage.
Space warps around you.
You die...

.# #.# #.# #.# #.# #.#
######.#
####.####......#
#.@.....#)#########
#.##g#..).# #.... #.
#....).## #.###
##.##.......####.#..
#..........<.....#.#
###..###.............#
.......gg.#####......
##.##.#.### #...###
#......# #...#


You could see Robin.

Vanquished Creatures
  A worm (D:2)
  2 dart slugs (D:2)
  10 goblins
  6 hobgoblins
  4 jackals (D:2)
  A quokka (D:1)
  4 bats
  A frilled lizard (D:2)
  2 rats (D:2)
31 creatures vanquished.

Notes
Turn   | Place    | Note
-------+----------+-------------------------------------------
     0 | D:1      | buriedalive the Deep Elf Ice Elementalist began the quest
                  | for the Orb.
     0 | D:1      | Reached XP level 1. HP: 10/10 MP: 6/6
   419 | D:1      | Reached XP level 2. HP: 15/15 MP: 8/8
  1211 | D:2      | Noticed Robin
  1214 | D:2      | Reached XP level 3. HP: 19/19 MP: 6/10
  1290 | D:1      | Learned a level 3 spell: Ozocubu's Armour
  1294 | D:1      | Learned a level 3 spell: Frozen Ramparts
  1961 | D:2      | Slain by Robin

Illustrated notes

Levels and vault maps discovered:
D:1:      shiori_arrival_oz, layout_loops_cross
D:2:      layout_loops_cross, uniq_robin, uniq_crazy_yiuf_cottage

Skill      XL: |  1  2 |
---------------+-------+-----
Dodging        | 3 |  3.3
Stealth        | |  2.4
Spellcasting   | |  3.9
Ice Magic      | |  4.9

Action                     || total
---------------------------++-------
  Melee: Whip              ||     4
         Dagger            ||    12
         Unarmed           ||     2
   Cast: Freeze            ||    39
         Frozen Ramparts   ||     2
         Ozocubu's Armour  ||     1
    Use: Scroll            ||     3
         Potion            ||     2
   Stab: Sleeping          ||     3
 Armour: Robe              ||     9
  Dodge: Dodged            ||    32
